Map: Frozen Temple

Players

Nickos

  • Race: Terran Terran
  • League: Gold

Nozarashi - Winner!

  • Race: Zerg Zerg
  • League: Gold

VOD

Have the link to the VOD?

Description

Time

  • Played on: Sept. 22, 2016, 6:08 a.m.
  • Length: 6:41
Show
View Real Time Build Order
Export as new Build Order

Nickos Terran 

Build Orders:  

Get SALT Encoding   

  12  0:00  SCV  
  13  0:13  SCV  
  14  0:21  Supply Depot  
  14  0:25  SCV  
  15  0:43  SCV  
  15  0:44  Barracks  
  16  0:55  SCV  
  17  1:07  SCV  
  18  1:19  SCV  
  18  1:22  Command Center  
  19  1:31  Orbital Command  
  19  1:33  Marine  
  19  1:39  Supply Depot  
  20  1:51  Marine  
  21  1:59  Barracks  
  21  2:07  Barracks  
  21  2:08  Marine  
  22  2:17  SCV  
  22  2:21  Refinery  
  23  2:26  Refinery  
  23  2:27  Marine  
  24  2:36  SCV  
  25  2:38  Orbital Command  
  24  2:54  Marine  
  24  2:57  Barracks Tech Lab  
  26  3:00  SCV  
  27  3:07  Barracks Reactor  
  27  3:08  SCV  
  27  3:12  SCV  
  28  3:21  SCV  
  28  3:24  Barracks Reactor  
  28  3:25  Marauder  
  31  3:27  SCV  
  31  3:33  SCV  
  33  3:39  Bunker  
  33  3:42  SCV  
  33  3:43  Stimpack  
  33  3:45  Marine x2, SCV  
  33  3:47  Marauder  
  39  3:49  Barracks  
  39  3:54  SCV  
  40  3:57  SCV  
  40  4:00  Supply Depot  
  41  4:03  Marine  
  41  4:07  SCV  
  41  4:09  SCV  
  44  4:13  Marine x2  
  46  4:21  Factory, Marauder, Marine  
  49  4:31  Marine x3  
  36  4:57  Marine x3  
  36  4:58  Barracks Reactor  
  38  5:02  Supply Depot, SCV x2  
  39  5:14  SCV  
  39  5:15  Bunker  
  40  5:23  Marine x3  
  40  5:24  Marine x2  
  40  5:27  Factory Reactor  
  45  5:34  Marine x2  
  39  5:45  Marine x2  
  21  5:57  Bunker  
  21  6:09  SCV x2  
  21  6:21  Supply Depot  
  21  6:23  Supply Depot  
Show
View Real Time Build Order
Export as new Build Order

Nozarashi Zerg - Winner!

Build Orders: Hatch First 

Get SALT Encoding   

  12  0:07  Drone  
  13  0:14  Overlord  
  13  0:18  Drone  
  14  0:34  Drone x2  
  16  0:52  Hatchery  
  16  0:55  Drone  
  16  1:10  Spawning Pool  
  15  1:12  Drone  
  15  1:16  Drone  
  17  1:20  Drone  
  18  1:29  Extractor  
  18  1:30  Drone  
  18  1:37  Drone  
  19  2:00  Queen  
  21  2:04  Queen  
  21  2:06  Zergling x6  
  26  2:12  Drone  
  27  2:35  Overlord x2  
  27  2:48  Overlord x2  
  27  3:01  Spine Crawler  
  27  3:02  Zergling x2  
  27  3:03  Zergling x8  
  27  3:04  Metabolic Boost  
  31  3:35  Zergling x14  
  31  3:36  Zergling x4  
  40  3:46  Baneling Nest  
  39  4:07  Drone  
  39  4:08  Drone x5  
  40  4:40  Zergling x4  
  40  4:41  Zergling x18  
  41  5:00  Zergling x2  
  41  5:01  Zergling x4  
  44  5:12  Baneling x7  
  44  5:13  Baneling x8  
  44  5:16  Zergling x6  
  44  5:17  Zergling x2  
  37  5:54  Zergling x2  
  37  5:55  Zergling x14  
  36  6:14  Zergling x2  
  36  6:15  Zergling x10  
Tags
 
Add a new tag
Caveats
  • Supply blocks, unpowered buildings, or Contaminate may cause inaccurate times.
  • Supply counts are checked every 10 seconds.